 Dungeon Crawl Stone Soup version 0.24-a0-335-g06ca16a (webtiles) character file.

Game seed: 8942939617203712437

178 Borgoz the Twirler (level 5, -5/32 HPs)
             Began as a Gargoyle Gladiator on May 19, 2019.
             Killed from afar by an orc wizard (8 damage)
             ... with a puff of frost
             ... on level 3 of the Dungeon.
             The game lasted 00:02:21 (1682 turns).

Borgoz the Twirler (Gargoyle Gladiator)             Turns: 1682, Time: 00:02:22

Health: -5/32      AC: 11    Str: 17    XL:     5   Next: 58%
Magic:  5/5        EV: 12    Int:  9    God:
Gold:   192        SH:  0    Dex: 12    Spells: 4/4 levels left

rFire    . . .     SeeInvis .   a - +0 quarterstaff
rCold    . . .     Gourm    .   (shield currently unavailable)
rNeg     + . .     Faith    .   j - +0 ring mail
rPois    ∞         Spirit   .   c - +0 helmet
rElec    +         Reflect  .   (no cloak)
rCorr    .         Harm     .   (no gloves)
MR       .....                  h - +0 pair of boots
Stlth    +.........             (no amulet)
HPRegen  0.10/turn              (no ring)
MPRegen  0.09/turn              (no ring)

@: no status effects
A: negative energy resistance 1, electricity resistance, unbreathing,
petrification resistance, rot immunity, AC +4
a: no special abilities


You were on level 3 of the Dungeon.
You were not hungry.

You visited 1 branch of the dungeon, and saw 3 of its levels.

You collected 192 gold pieces.

Inventory:

Hand Weapons
 a - a +0 quarterstaff (weapon)
Missiles
 d - 3 throwing nets (quivered)
Armour
 c - a +0 helmet (worn)
 h - a +0 pair of boots (worn)
 j - a +0 ring mail (worn)
Scrolls
 e - 3 scrolls of identify {unknown}
 g - a scroll of blinking {unknown}
 i - a scroll of amnesia {unknown}
 l - a scroll of magic mapping {unknown}
 o - a scroll of remove curse {unknown}
 p - 2 scrolls of enchant weapon {unknown}
Potions
 b - 2 potions of might {unknown}
 k - 4 potions of curing {unknown}
 m - a potion of haste {unknown}
 n - a potion of lignification {unknown}
Comestibles
 f - 5 rations
 q - 5 chunks of flesh


   Skills:
 + Level 3.1 Fighting
 * Level 4.2 Staves
 - Level 1.7 Throwing
 + Level 2.2 Armour
 * Level 3.4 Dodging


You had 4 spell levels left.
You didn't know any spells.
Your spell library was empty.

Dungeon Overview and Level Annotations

Branches:
Dungeon (3/15)

Altars:


Innate Abilities, Weirdness & Mutations

You are resistant to torment.
Your stone body is resilient. (AC +4)
You are immune to poison.
You resist negative energy. (rN+)
You are resistant to electric shocks. (rElec)
You can survive without breathing.
You are immune to petrification.
You are immune to rotting.


Message History

You closely miss something. Something hits you but does no damage.
Something barely misses you.
You barely miss something. Something hits you but does no damage.
You miss something. Something hits you but does no damage.
You hear some strange, mumbled words.
A puff of flame appears from out of thin air!
The puff of flame hits you!
* * * LOW HITPOINT WARNING * * *
You completely miss something. Something hits you but does no damage.
You closely miss something. Something hits you but does no damage.
Something hits you.
* * * LOW HITPOINT WARNING * * *
You miss something.
Something hits you but does no damage. x2
You hit something. Something hits you but does no damage.
You miss something. You barely miss something.
You hear some strange, mumbled words.
A puff of frost appears from out of thin air!
The puff of frost hits you!
You die...

#...#..#.# .#
#...#..#.## .# .
#...#..((.# .# ..
##..#.(...###.###.
#..#............
####.....######..#
#...).........#).#
#........##..{)..#
#.....#######@#..##.
#....................
#.....#######.#.......
#.....# ..........
#.....# .........#
#.....# ....#.#...#
####### ....#.##.##
.....# # .# ..#


There were no monsters in sight!

Vanquished Creatures
  An orc priest (D:3)
  An orc wizard (D:3)
  A gnoll (D:1)
  2 adders (D:2)
  An ooze (D:1)
  2 worms
  A dart slug (D:1)
  A leopard gecko (D:1)
  4 orcs
  7 giant cockroaches
  6 goblins
  7 hobgoblins
  8 jackals
  9 kobolds
  A quokka (D:2)
  A ball python (D:1)
  9 bats
  6 frilled lizards
  6 rats
74 creatures vanquished.

Notes
Turn   | Place    | Note
-------+----------+-------------------------------------------
     0 | D:1      | Borgoz the Gargoyle Gladiator began the quest for the Orb.
     0 | D:1      | Reached XP level 1. HP: 12/12 MP: 1/1
   208 | D:1      | Reached XP level 2. HP: 17/18 MP: 2/2
   359 | D:1      | Reached XP level 3. HP: 22/22 MP: 3/3
   390 | D:1      | Reached skill level 1 in Armour
   915 | D:2      | Reached XP level 4. HP: 23/27 MP: 4/4
  1613 | D:3      | Reached skill level 4 in Staves
  1617 | D:3      | Reached XP level 5. HP: 27/32 MP: 5/5
  1682 | D:3      | Killed from afar by an orc wizard

Levels and vault maps discovered:
D:1:      lemuel_arrival_river_passageway, layout_basic, solitary_fountain
D:2:      layout_rooms, amethyst_killhole, guppyfry_early_orc_mine
D:3:      layout_basic, chequers_ecumenical_altar_grove, uniq_natasha,
          uniq_crazy_yiuf_cottage, uniq_terence

Skill      XL: |  1  2  3  4  5 |
---------------+----------------+-----
Armour         | 1 2 |  2.2
Dodging        | 3 |  3.4
Staves         | 4 |  4.2
Fighting       | 3 |  3.1
Throwing       | |  1.7

Action                   |  1- 3 |  4- 6 || total
-------------------------+-------+-------++-------
Melee: Quarterstaff      |   132 |   132 ||   264
  Use: Potion            |     1 |       ||     1
  Eat: Chunk             |       |     3 ||     3
Armor: Leather armour    |     5 |       ||     5
       Ring mail         |    52 |   112 ||   164
Dodge: Dodged            |   111 |   139 ||   250

Table legend:
 A = Non-vault XP
 B = Vault XP
 C = Vault XP percentage of total XP
 D = Non-vault monster count
 E = Vault monster count
 F = Vault count percentage of total count
                 A         B        C        D         E       F
            +---------+---------+-------+---------+---------+-------
      Total |     239 |      16 |   6.3 |      67 |       7 |   9.5
            +---------+---------+-------+---------+---------+-------
        D:1 |      68 |       0 |   0.0 |      30 |       0 |   0.0
        D:2 |      68 |      16 |  19.0 |      26 |       7 |  21.2
        D:3 |     103 |       0 |   0.0 |      11 |       0 |   0.0
            +---------+---------+-------+---------+---------+-------
